 Dungeon Crawl Stone Soup version 0.26-b1-52-g61e05abef2 (webtiles) character file.

Game seed: 13333873124821837871

17918 oldmanjim the Severer (level 12, 114/114 HPs)
             Began as a Hill Orc Fighter on Jan 3, 2021.
             Was an Elder of Beogh.
             Quit the game on level 12 of the Dungeon on Jan 7, 2021.
             The game lasted 02:26:59 (16398 turns).

oldmanjim the Severer (Hill Orc Fighter)           Turns: 16398, Time: 02:27:00

Health: 114/114    AC: 16    Str: 24    XL:     12   Next: 53%
Magic:  15/15      EV:  7    Int:  8    God:    Beogh [****..]
Gold:   429        SH: 13    Dex: 10    Spells: 11/11 levels left

rFire    . . .     SeeInvis +   a - +1 war axe
rCold    . . .     Faith    .   c - +0 kite shield
rNeg     . . .     Spirit   .   H - +0 plate armour
rPois    .         Reflect  .   T - +0 helmet
rElec    .         Harm     .   y - +2 cloak {Will+}
rCorr    +         Rampage  .   g - +1 pair of gloves
Will     +....                  R - +0 pair of boots {Stlth+}
Stlth    ..........             (no amulet)
HPRegen  0.29/turn              x - ring of resist corrosion
MPRegen  0.14/turn              C - ring of see invisible

@: studying Bows
A: deformed body, robust 1, subdued magic 1
a: Renounce Religion, Smiting, Recall Orcish Followers


You were on level 12 of the Dungeon.
You worshipped Beogh.
Beogh was greatly pleased with you.
You visited 2 branches of the dungeon, and saw 13 of its levels.
You also visited: Sewer.

You collected 790 gold pieces.
You spent 361 gold pieces at shops.

Inventory:

Hand Weapons
 a - a +1 war axe (weapon)
 b - a +0 hunting sling
 n - a +0 hand crossbow
 B - a +2 mace of protection
 K - a +1 rapier of venom
 Q - a +4 scimitar of flaming
 S - a +3 halberd
Missiles
 e - 350 stones
 f - 66 sling bullets
 r - 18 bolts
 z - 8 curare-tipped darts
 A - 51 poisoned darts (quivered)
 D - 6 atropa-tipped darts
 F - 7 javelins
 G - 3 throwing nets
Armour
 c - a +0 kite shield (worn)
 g - a +1 pair of gloves (worn)
 y - a +2 cloak of willpower (worn)
 H - a +0 plate armour (worn)
 R - a +0 pair of boots of stealth (worn)
 T - a +0 helmet (worn)
Magical Staves
 s - an uncursed staff of poison {unknown}
Jewellery
 m - an uncursed amulet of magic regeneration
 x - a ring of resist corrosion (left hand)
 C - a ring of see invisible (right hand)
 N - an uncursed amulet of regeneration
 V - a +4 ring of protection {unknown}
Wands
 j - a wand of polymorph (11)
 t - a wand of random effects (38)
 I - a wand of disintegration (19)
 P - a wand of acid (7)
Scrolls
 i - 2 scrolls of amnesia
 l - 2 scrolls of fear
 o - 6 scrolls of remove curse
 q - 4 scrolls of teleportation
 u - a scroll of immolation
 w - 2 scrolls of enchant weapon
 L - a scroll of enchant armour
 M - 4 scrolls of identify
 U - a scroll of summoning
Potions
 d - 4 potions of might
 h - 4 potions of brilliance
 k - 2 potions of flight
 p - a potion of lignification
 v - 2 potions of attraction
 E - a potion of cancellation
 J - 5 potions of haste
Books
 O - a manual of Bows


   Skills:
 + Level 9.1 Fighting
 + Level 15.1 Axes
 - Level 1.4(1.5) Slings
 - Level 7.0 Armour
 * Level 14.1 Shields
 - Level 4.0 Invocations


You had 11 spell levels left.
You didn't know any spells.
Your spell library contained the following spells:

 Spells                   Type           Power        Failure   Level
 Animate Skeleton         Necr           0%           99%         1
 Corona                   Hex            0%           99%         1
 Magic Dart               Conj           0%           99%         1
 Pain                     Necr           0%           99%         1
 Blink                    Tloc           N/A          100%        2
 Call Imp                 Summ           0%           100%        2
 Passwall                 Tmut/Erth      0%           100%        2
 Slow                     Hex            0%           100%        2
 Swiftness                Air            0%           100%        2
 Conjure Flame            Conj/Fire      0%           100%        3
 Inner Flame              Hex/Fire       0%           100%        3
 Mephitic Cloud           Conj/Pois/Air  0%           100%        3
 Portal Projectile        Hex/Tloc       0%           100%        3
 Vampiric Draining        Necr           0%           100%        3
 Animate Dead             Necr           0%           100%        4
 Cause Fear               Hex            0%           100%        4
 Leda's Liquefaction      Hex/Erth       0%           100%        4
 Passage of Golubria      Tloc           N/A          100%        4
 Agony                    Necr           0%           100%        5
 Lee's Rapid Deconstruct  Erth           0%           100%        5
 Invisibility             Hex            0%           100%        6


Dungeon Overview and Level Annotations

Branches:
Dungeon (12/15)            Temple (0/1) D:7            Lair (1/6) D:10
    Orc (0/2) D:11          Sewer (visited)

Altars:
Dithmenos
Fedhas
Gozag
Makhleb
Okawaru
Ru
Sif Muna
Trog
Vehumet
Wu Jian
Xom

Shops:
D:7 [   D:10 *   D:12 (

Annotations:
D:5 2 transporters, pokeman's ghost, novice DEWz
Lair:1 Sonja


Innate Abilities, Weirdness & Mutations

Armour fits poorly on your strangely shaped body.
You are robust. (+10% HP)
Your spells are a little easier to cast, but a little less powerful.


Message History

Done waiting.
Welcome back, oldmanjim the Hill Orc Fighter.
Beogh says: Drown the unbelievers in a sea of blood!
Press ? for a list of commands and other information.
What are your orders? t - Shout!
Orders for allies: a - Attack new target. r - Retreat! s - Stop attacking. g - Guard the area. f - Follow me.
Anything else - Cancel.
Okay, then.
Hit: Q) +4 scimitar (flame)
Press: ? - help, Dir - move target, f - you
Okay, then.
Your +4 scimitar of flaming stops flaming.
a - a +1 war axe (weapon)
Welcome back, oldmanjim the Hill Orc Fighter.
Beogh says: Drown the unbelievers in a sea of blood!
Press ? for a list of commands and other information.
Are you sure you want to abandon this character and quit the game? (Confirm with "yes".)

####### ##.### ......#
#####.....
......####......#####
....................# #
.......oo.........>.#.#
#o########......#.#.#.#
# #o# #.###..# .... .#
#o# #..##..###.###.# .
#.# ##.8.<.@o8.....#..#
#o# ####..#o#o#......#
oo## #..ooooo)<....#
.oo# #.....#oo#......#
...###
#.....+..#....#.#
.....# #.....##.#?...#
.....# #.....##.#.#..#
.....# #.....##.#.#....
)....#### ########.#.#
##.#


You could see 5 friendly orc warriors, a friendly orc wizard and 2 friendly
orcs.

Vanquished Creatures
  Harold (D:10)
  A hydra (D:12)
  Erica (D:7)
  4 two-headed ogres
  A skeletal warrior (D:10)
  An unseen horror (D:10)
  2 ugly things (D:11)
  Maurice (D:8)
  Psyche (D:8)
  A freezing wraith (D:10)
  An efreet (D:11)
  2 trolls
  A slime creature (D:10)
  Prince Ribbit (D:8)
  A wyvern (D:11)
  A wraith (D:9)
  Eustachio (D:6)
  5 yaks (D:10)
  Grum (D:10)
  An acid dragon (D:12)
  5 water moccasins
  Purgy (Sewer)
  6 orc warriors
  3 black bears (D:10)
  A sky beast (D:10)
  3 ice beasts (D:11)
  5 ogres
  2 phantoms
  11 centaurs
  4 wolves (D:10)
  12 bullfrogs
  A water moccasin skeleton (D:6)
  13 killer bees
  11 wights
  4 howler monkeys
  2 bullfrog zombies
  A centaur zombie (D:10)
  2 hounds
  3 jellies
  5 orc wizards
  4 centaur skeletons
  4 orc priests
  3 iguanas
  8 worker ants
  A killer bee zombie (D:9)
  3 hound zombies
  Robin (D:3)
  11 gnolls
  12 adders
  3 river rats (D:6)
  3 white imps
  3 ufetubi
  An ooze (D:4)
  3 worms
  9 leopard geckos
  29 orcs
  4 bats
  4 giant cockroaches
  16 goblins
  8 hobgoblins
  5 jackals (D:4)
  6 kobolds
  3 quokkas
  2 ball pythons (D:6)
  2 frilled lizards
  A jackal zombie (D:6)
  A leopard gecko skeleton (D:6)
  10 rats
284 creatures vanquished.

Vanquished Creatures (collateral kills)
  2 centaur skeletons (D:12)
  A freezing wraith (D:12)
  A centaur (D:12)
  2 orc priests (D:12)
  An orc wizard (D:12)
7 creatures vanquished.

Vanquished Creatures (others)
  An orc warrior (D:12)
  3 howler monkeys (D:7)
  A bullfrog zombie (D:7)
  2 orc priests
  2 orc wizards (D:7)
  A hound skeleton (D:11)
  3 orcs
  46 fungi (D:10)
  41 plants
100 creatures vanquished.

Grand Total: 391 creatures vanquished

Notes
Turn   | Place    | Note
-------+----------+-------------------------------------------
     0 | D:1      | oldmanjim the Hill Orc Fighter began the quest for the Orb.
     0 | D:1      | Reached XP level 1. HP: 19/19 MP: 1/1
   547 | D:1      | Reached XP level 2. HP: 19/27 MP: 2/2
   972 | D:2      | Reached XP level 3. HP: 30/33 MP: 3/3
   975 | D:2      | Reached skill level 3 in Axes
  1135 | D:2      | Found a burning altar of Makhleb.
  1181 | D:2      | Found a bloodstained altar of Trog.
  1957 | D:3      | Reached XP level 4. HP: 30/40 MP: 4/4
  2114 | D:3      | Reached skill level 1 in Slings
  2121 | D:3      | Reached skill level 4 in Axes
  2380 | D:3      | Reached XP level 5. HP: 45/47 MP: 5/5
  2474 | D:3      | Found a shimmering blue altar of Sif Muna.
  2619 | D:3      | Found an iron altar of Okawaru.
  2773 | D:3      | Found an ornate altar of the Wu Jian Council.
  2990 | D:4      | Noticed an ogre
  3006 | D:4      | Killed an ogre
  3007 | D:4      | Reached skill level 5 in Axes
  3045 | D:4      | Reached skill level 5 in Fighting
  3045 | D:4      | Reached XP level 6. HP: 56/56 MP: 6/6
  3267 | D:4      | Noticed a phantom
  3382 | D:4      | Killed a phantom
  3484 | D:4      | Reached XP level 7. HP: 55/61 MP: 7/7
  3576 | D:4      | Reached skill level 5 in Shields
  3600 | D:4      | Noticed Robin
  3620 | D:3      | Killed Robin
  3621 | D:3      | Reached skill level 6 in Axes
  3983 | D:4      | Found a sacrificial altar of Ru.
  4465 | D:5      | Entered Level 5 of the Dungeon
  4465 | D:5      | Found a transporter.
  4465 | D:5      | Noticed pokeman's ghost (novice DEWz)
  4509 | D:5      | Found a transporter.
  5056 | D:6      | Noticed Eustachio
  5111 | D:6      | Found a glowing drain.
  5133 | Sewer    | Entered a sewer
  5315 | Sewer    | Noticed Purgy
  5323 | Sewer    | Killed Purgy
  5324 | Sewer    | Reached skill level 7 in Axes
  5483 | D:6      | Found an opulent altar of Gozag.
  5883 | D:6      | Killed Eustachio
  5884 | D:6      | Reached XP level 8. HP: 61/70 MP: 8/8
  6045 | D:6      | Reached skill level 8 in Axes
  6880 | D:7      | Reached skill level 9 in Axes
  6987 | D:7      | Reached XP level 9. HP: 65/75 MP: 9/9
  7088 | D:7      | Found a radiant altar of Vehumet.
  7118 | D:7      | Reached skill level 10 in Axes
  7170 | D:7      | Became a worshipper of Beogh the Brigand
  7375 | D:7      | Found a staircase to the Ecumenical Temple.
  7453 | D:7      | Found Aseqotug's Armour Boutique.
  8115 | D:8      | Noticed Prince Ribbit
  8137 | D:8      | Killed Prince Ribbit
  8247 | D:8      | Noticed Erica
  8453 | D:8      | Noticed a two-headed ogre
  8474 | D:7      | Killed Erica
  8475 | D:7      | Reached skill level 10 in Shields
  8602 | D:7      | Killed a two-headed ogre
  8603 | D:7      | Reached XP level 10. HP: 67/84 MP: 10/10
  8668 | D:8      | Noticed Psyche
  8680 | D:8      | Killed Psyche
  8734 | D:8      | Noticed Maurice
  8756 | D:8      | Killed Maurice
  9260 | D:8      | Upgraded the game from 0.26-b1-25-gafae2e710b to
                  | 0.26-b1-32-g5d43845318
  9276 | D:9      | Reached skill level 11 in Axes
  9289 | D:9      | Found a shimmering altar of Xom.
  9387 | D:9      | Noticed a two-headed ogre
  9438 | D:8      | Killed a two-headed ogre
  9512 | D:9      | Found a shadowy altar of Dithmenos.
  9563 | D:9      | Reached * piety under Beogh
  9910 | D:9      | Reached skill level 1 in Invocations
 10575 | D:10     | Entered Level 10 of the Dungeon
 10577 | D:10     | Noticed Harold
 10593 | D:10     | Killed Harold
 10594 | D:10     | Reached skill level 12 in Axes
 10594 | D:10     | Reached XP level 11. HP: 87/94 MP: 12/14
 10608 | D:9      | Upgraded the game from 0.26-b1-32-g5d43845318 to
                  | 0.26-b1-45-g23770d1d51
 10972 | D:10     | Reached ** piety under Beogh
 11166 | D:10     | Found a staircase to the Lair.
 11310 | D:10     | Noticed Grum
 11387 | D:10     | Killed Grum
 11517 | D:10     | Noticed Sonja
 11675 | D:10     | Reached skill level 13 in Axes
 11702 | D:10     | Noticed an unseen horror
 11722 | D:10     | Killed an unseen horror
 11744 | D:10     | Noticed a skeletal warrior
 11772 | D:10     | Killed a skeletal warrior
 11815 | D:10     | Noticed a fire dragon
 11964 | D:10     | Found Iczorph's Assorted Antiques.
 11970 | D:10     | Bought a pair of runed boots for 285 gold pieces
 11980 | D:10     | Bought a scroll of identify for 76 gold pieces
 12557 | Lair:1   | Entered Level 1 of the Lair of Beasts
 12559 | Lair:1   | Gained mutation: Your spells are a little easier to cast,
                  | but a little less powerful. [potion of mutation]
 12559 | Lair:1   | Gained mutation: Armour fits poorly on your strangely
                  | shaped body. [potion of mutation]
 12559 | Lair:1   | Gained mutation: You are robust. (+10% HP) [potion of
                  | mutation]
 12581 | D:10     | HP: 5/106 [poisoned by Sonja]
 12587 | D:10     | HP: 5/106 [poisoned by Sonja]
 12593 | D:10     | HP: 5/106 [poisoned by Sonja]
 13499 | D:10     | Noticed a two-headed ogre
 13542 | D:10     | Killed a two-headed ogre
 13598 | D:10     | Reached XP level 12. HP: 109/114 MP: 15/15
 13660 | D:10     | Reached skill level 14 in Axes
 14433 | D:11     | Reached *** piety under Beogh
 14709 | D:11     | Found a staircase to the Orcish Mines.
 14830 | D:11     | Noticed a two-headed ogre
 14853 | D:11     | Killed a two-headed ogre
 15428 | D:12     | Reached skill level 15 in Axes
 15469 | D:12     | Found a blossoming altar of Fedhas.
 15944 | D:12     | Noticed a five-headed hydra
 15954 | D:12     | Killed a one-headed hydra
 16257 | D:12     | Found Lojegaoros's Antique Weapon Boutique.
 16268 | D:12     | Reached **** piety under Beogh
 16397 | D:12     | Upgraded the game from 0.26-b1-45-g23770d1d51 to
                  | 0.26-b1-52-g61e05abef2
 16398 | D:12     | Quit the game

Illustrated notes

Levels and vault maps discovered:
D:1:      dpeg_arrival_simpleton_c, layout_basic
D:2:      layout_basic, old_standard_altar, ebering_dispersal_statue_hall,
          trog_butcher_becter
D:3:      layout_loops_ring, pdpol_wu_jian_five_deadly_venoms, led_sif_pool,
          lemuel_doored_altar
D:4:      layout_layer_cave, kennysheep_mini_moat, uniq_robin
D:5:      layout_rooms, gammafunk_ghost_mausoleum
D:6:      layout_rooms, grunt_gozag_breadcrumbs, portal_sewer_entry_a,
          uniq_eustachio
D:7:      layout_gridville, minmay_temple_entry_proselytizer, serial_shops,
          kennysheep_little_box, lemuel_centaur_altar
D:8:      layout_basic, minmay_misc_feat_roman, minmay_manual_mares, uniq_erica,
          uniq_psyche, uniq_prince_ribbit1, uniq_maurice
D:9:      minmay_clustersquares, layout_loops_cross,
          nicolae_overflow_crystal_walls, lemuel_round_altar
D:10:     layout_stronghold, due_lair_maze_entry_diamond, serial_shops,
          shop_fountains, minmay_evil_grid, uniq_harold, uniq_sonja, uniq_grum
D:11:     layout_roguey, david_orc_3
D:12:     gammafunk_jiyva_shrine, layout_basic, serial_shops, shop_statue,
          basic_altar, st_stairs_2
Lair:1:   layout_gridlike, serial_forest, infiniplex_forest_side_room,
          infiniplex_forest_straight_5, infiniplex_forest_join,
          infiniplex_forest_clump_diagonal, infiniplex_forest_zigzag_2,
          infiniplex_forest_straight_3, infiniplex_forest_lined_corner,
          grunt_megastairs_4

Skill      XL: |  1  2  3  4  5  6  7  8  9 10 11 12 |
---------------+-------------------------------------+-----
Fighting       | 4 5 6 8 9 |  9.1
Axes           | 3 4 5 7 9 10 12 13 15 | 15.1
Armour         | 4 7 |  7.0
Slings         | 1 |  1.4
Shields        | 4 6 8 10 11 13 14 | 14.1
Invocations    | 4 |  4.0

Action                   |  1- 3 |  4- 6 |  7- 9 | 10-12 || total
-------------------------+-------+-------+-------+-------++-------
Melee: War axe           |    86 |   117 |   308 |   716 ||  1227
       Scimitar          |       |       |       |    13 ||    13
 Fire: Hunting sling     |    36 |    67 |    90 |   116 ||   309
Throw: Stone             |    36 |       |       |       ||    36
       Dart              |       |       |     9 |    16 ||    25
Invok: Convert to Beogh  |       |       |     1 |       ||     1
Evoke: Wand              |       |       |     1 |     2 ||     3
  Use: Scroll            |     1 |       |    16 |     7 ||    24
       Potion            |       |       |       |     2 ||     2
 Stab: Distracted        |       |       |       |     1 ||     1
Armor: Scale mail        |    49 |    56 |    34 |       ||   139
       Chain mail        |       |       |   126 |    69 ||   195
       Plate armour      |       |       |       |   217 ||   217
Dodge: Dodged            |    28 |    39 |    71 |   121 ||   259
Block: Kite shield       |    41 |    62 |   198 |   405 ||   706
